AoeStats
← Shawn96

Oasis

508572456Analyzed
4v4 RM · 9d ago on Sep 23, 2026· 60m 52s· 8 players
Game mode
Random Map
Map size
Large (8 player)
Population
200
Speed
Normal
Resources
Standard
Victory
Conquest
Starting age
Dark Age
Ending age
Imperial Age
RankedLock teamsTeams togetherTeam positionsShared explorationLock speedFull tech treeHidden civsTurbo modeCheats
Victory
Defeat
🇨🇳 Georgians · China
1532
+8
🇨🇳 Mongols · China
1413
+13
🇨🇳 Persians · China
1222
+20
🇨🇳 Portuguese · China
1183
+22
🇺🇸 Saxons · United States
1428
-20
🇦🇷 Maya · Argentina
1319
-15
🇲🇽 Persians · Mexico
1294
-14
🇨🇦 Huns · Canada
1281
-14
小花花
13:29 Feudal Age
17:18 Castle Age
22:37 Imperial Age
20:24 Double-Bit Axe
20:36 Loom
21:54 Coinage
22:00 Gold Mining
22:54 Stone Mining
24:13 Banking
29:40 Horse Collar
35:13 Chemistry
34:34 Ballistics
36:11 Wheelbarrow
36:14 Stone Shaft Mining
36:43 Husbandry
36:54 Bloodlines
37:44 Fletching
38:00 Scale Barding Armor
39:19 Bow Saw
39:12 Cavalier
40:35 Chain Barding Armor
43:01 Caravan
44:14 Plate Barding Armor
44:02 Forging
45:27 Bodkin Arrow
56:31 Bracer
57:07 Iron Casting
60:48 Hand Cart
860
6:19 Loom
8:34 Feudal Age
9:39 Double-Bit Axe
11:12 Horse Collar
22:02 Castle Age
23:13 Bow Saw
24:02 Heavy Plow
24:15 Fletching
24:54 Bodkin Arrow
27:13 Ballistics
28:07 Wheelbarrow
29:07 Padded Archer Armor
33:53 Fortified Wall
34:53 Husbandry
35:03 Bloodlines
42:04 Imperial Age
40:17 Town Watch
42:15 Hand Cart
42:16 Gold Mining
42:45 Leather Archer Armor
43:34 Gold Shaft Mining
42:49 Stone Mining
43:03 Elite Mangudai
45:07 Chemistry
44:49 Bracer
47:32 Forging
47:28 Scale Barding Armor
47:48 Conscription
48:45 Light Cavalry
49:48 Chain Barding Armor
50:03 Iron Casting
50:26 Stone Shaft Mining
50:04 Caravan
49:29 Hussar
51:21 Parthian Tactics
53:22 Blast Furnace
54:10 Thumb Ring
56:14 Capped Ram
57:00 Siege Ram
58:18 Drill
88老玩家回归
11:13 Feudal Age
14:43 Castle Age
12:54 Double-Bit Axe
13:06 Horse Collar
16:02 Wheelbarrow
21:38 Bow Saw
21:54 Heavy Plow
23:58 Hand Cart
23:42 Gold Mining
25:52 Scale Barding Armor
25:58 Forging
26:14 Husbandry
26:25 Bloodlines
28:44 Gold Shaft Mining
27:57 Town Watch
31:59 Imperial Age
30:45 Chain Barding Armor
31:01 Iron Casting
31:52 Cavalier
37:26 Conscription
38:23 Two-Man Saw
39:09 Blast Furnace
39:34 Plate Barding Armor
41:18 Savar
44:47 Padded Archer Armor
44:38 Fletching
46:00 Leather Archer Armor
45:55 Thumb Ring
45:39 Elite Skirmisher
48:19 Chemistry
47:41 Ballistics
49:03 Bodkin Arrow
56:18 Ring Archer Armor
60:41 Caravan
02288
6:23 Loom
9:30 Feudal Age
10:05 Double-Bit Axe
10:03 Horse Collar
13:49 Scale Barding Armor
17:44 Forging
20:11 Wheelbarrow
23:46 Castle Age
24:07 Fletching
24:48 Bow Saw
24:40 Heavy Plow
24:43 Bodkin Arrow
26:10 Svan Towers
28:41 Chain Barding Armor
29:04 Guard Tower
31:39 Ballistics
31:16 Murder Holes
32:20 Masonry
32:56 Hand Cart
37:47 Imperial Age
38:07 Iron Casting
38:59 Bracer
39:49 Keep
39:24 Onager
40:09 Arrowslits
41:58 Blast Furnace
41:34 Plate Barding Armor
42:15 Chemistry
42:36 Architecture
41:48 Treadmill Crane
42:10 Siege Onager
43:32 Conscription
43:42 Elite Monaspa
46:24 Siege Engineers
48:37 Fortified Wall
49:50 Hoardings
49:21 Aznauri Cavalry
50:59 Caravan
52:05 Coinage
51:45 Guilds
55:00 Banking
Ice2207
6:25 Loom
9:07 Feudal Age
10:29 Double-Bit Axe
13:17 Horse Collar
17:09 Wheelbarrow
20:13 Castle Age
19:15 Scale Mail Armor
19:25 Forging
19:07 Arson
21:26 Chain Mail Armor
23:54 Squires
24:12 Gambesons
28:19 Iron Casting
33:52 Gold Mining
35:00 Bow Saw
35:11 Hand Cart
35:16 Fletching
36:15 Bodkin Arrow
40:03 Imperial Age
39:05 Ballistics
38:58 Pikeman
40:12 Heavy Plow
40:36 Masonry
41:32 Plate Mail Armor
40:37 Shield Wall
41:16 Capped Ram
42:02 Elite Varangian Guard
43:11 Siege Ram
44:36 Conscription
44:23 Halberdier
46:26 Siege Engineers
49:27 Guard Tower
49:39 Bracer
51:07 Arrowslits
53:12 Chemistry
52:49 Keep
52:10 Murder Holes
54:25 Padded Archer Armor
53:49 Elite Skirmisher
55:24 Architecture
57:19 Leather Archer Armor
Shawn96
8:53 Feudal Age
7:52 Loom
10:16 Double-Bit Axe
13:20 Horse Collar
16:53 Gold Mining
17:58 Wheelbarrow
19:15 Bloodlines
21:25 Castle Age
20:08 Bloodlines
19:57 Fletching
20:08 Padded Archer Armor
22:18 Bow Saw
22:50 Gold Shaft Mining
22:19 Heavy Plow
23:07 Bodkin Arrow
23:16 Husbandry
24:38 Ballistics
24:29 Thumb Ring
25:13 Leather Archer Armor
28:36 Town Watch
32:47 Town Watch
32:54 Town Watch
33:26 Hand Cart
38:39 Imperial Age
36:42 Stone Mining
39:00 Coinage
38:56 Masonry
39:28 Bracer
40:31 Chemistry
40:19 Banking
40:00 Guilds
40:00 Murder Holes
41:27 Two-Man Saw
41:06 Parthian Tactics
40:51 Heavy Cavalry Archer
44:40 Conscription
45:02 Town Patrol
49:43 Cavalier
51:05 Light Cavalry
51:57 Scale Barding Armor
52:02 Forging
53:33 Chain Barding Armor
54:23 Iron Casting
58:08 Blast Furnace
57:45 Plate Barding Armor
58:10 Blast Furnace
57:18 Caravan
61:05 Blast Furnace
Nalgas Prietas
4:51 Loom
9:07 Feudal Age
10:24 Wheelbarrow
9:36 Double-Bit Axe
13:06 Horse Collar
21:57 Castle Age
20:33 Forging
20:30 Scale Barding Armor
20:52 Bloodlines
20:37 Gold Mining
23:07 Husbandry
23:44 Iron Casting
24:27 Heavy Plow
25:30 Bow Saw
26:13 Town Watch
29:53 Chain Barding Armor
32:50 Light Cavalry
38:00 Imperial Age
35:45 Hand Cart
35:31 Town Patrol
37:39 Cavalier
37:40 Hussar
39:11 Crop Rotation
39:45 Two-Man Saw
39:22 Gold Shaft Mining
38:39 Stone Mining
41:08 Chemistry
40:28 Ballistics
39:41 Capped Ram
40:00 Heavy Camel Rider
41:32 Stone Shaft Mining
40:45 Savar
54:50 Coinage
54:21 Caravan
56:14 Blast Furnace
57:54 Guilds
57:11 Pikeman
57:51 Squires
58:28 Plate Barding Armor
57:54 Scale Mail Armor
58:22 Halberdier
60:33 Chain Mail Armor
Matias_Aoe
0:33 Loom
9:42 Feudal Age
10:13 Double-Bit Axe
16:58 Fletching
18:48 Padded Archer Armor
20:47 Horse Collar
21:05 Gold Mining
26:46 Castle Age
27:52 Bodkin Arrow
27:20 Crossbowman
28:17 Leather Archer Armor
29:05 Thumb Ring
30:07 Wheelbarrow
35:11 Imperial Age
32:57 Bow Saw
34:07 Hand Cart
34:11 Heavy Plow
35:52 Bracer
35:36 Arbalester
37:27 Ring Archer Armor
39:42 Ballistics
40:22 Chemistry
42:27 Treadmill Crane
42:58 Masonry
42:55 Capped Ram
45:56 Architecture
46:44 Siege Ram
51:36 Elite Skirmisher
60:10 Caravan
61:32 Conscription
Connection lost

Rejoining the realm…

Still unreachable

The connection could not be restored.

Session expired

The server has moved on; the page needs a fresh start.